 Dungeon Crawl Stone Soup version 0.31-a0-278-g485e682e34 (webtiles) character file.

Game seed: 3258481072174188846

429 AdnanSaban the Cudgeller (level 6, -1/39 HPs)
             Began as a Gargoyle Fighter on July 16, 2023.
             Splashed by a jelly's acid (8 damage)
             ... on level 5 of the Dungeon.
             The game lasted 00:03:03 (1917 turns).

AdnanSaban the Cudgeller (Gargoyle Fighter)         Turns: 1917, Time: 00:03:04

Health: -1/39      AC:  8    Str: 21    XL:     6   Next: 98%
Magic:  6/6        EV:  9    Int:  9    God:
Gold:   184        SH:  4    Dex:  9    Spells: 5/5 levels left

rFire   . . .        a - +0 flail
rCold   . . .        c - +0 buckler
rNeg    + . .        b - +0 scale mail
rPois   ∞            (no helmet)
rElec   +            n - +0 cloak
rCorr   .            (no gloves)
SInv    .            (no boots)
Will    .....        (no amulet) Stlth
                     (no ring)
HPRegen 0.26/turn    (no ring)
MPRegen 0.10/turn

%: no passive effects
@: corroded
A: sickness immunity, AC +4, negative energy resistance 1, electricity
resistance, torment resistance 1, petrification resistance
a: no special abilities


You were on level 5 of the Dungeon.
You visited 1 branch of the dungeon, and saw 5 of its levels.

You collected 184 gold pieces.

Inventory:

Hand Weapons
 a - a +0 flail (weapon)
Armour
 b - a +0 scale mail (worn)
 c - a +0 buckler (worn)
 n - a +0 cloak (worn)
Wands
 o - a wand of charming (6)
Scrolls
 e - 2 scrolls of teleportation {unknown}
 f - a scroll of acquirement {unknown}
 g - a scroll of noise {unknown}
 h - 4 scrolls of identify {unknown}
 i - a scroll of enchant weapon {unknown}
 j - a scroll of fear {unknown}
 l - a scroll of torment {unknown}
 m - 2 scrolls of revelation {unknown}
 p - a scroll of blinking {unknown}
Potions
 d - a potion of might
 k - 4 potions of attraction {unknown}


   Skills:
 + Level 4.4 Fighting
 + Level 5.4 Maces & Flails
 + Level 4.8 Armour
 + Level 4.0 Shields


You had 5 spell levels left.
You didn't know any spells.
Your spell library was empty.

Dungeon Overview and Level Annotations

Branches:
Dungeon (6/15)
 Temple: D:4-7

Altars:

Annotations:
D:5 Eustachio


Innate Abilities, Weirdness & Mutations

You are immune to sickness and miasma.
Your stone body is resilient. (AC +4)
You are immune to poison.
You resist negative energy. (rN+)
You are resistant to electric shocks. (rElec)
You are resistant to unholy torment.
You are immune to petrification.


Message History

Level annotation: Eustachio
There is a stone staircase leading down here.
m - 2 scrolls labelled ZOTOUGR ENAEFF (gained 1)
A jelly comes into view.
The jelly quivers.
A jelly is nearby!
The jelly hits you.
You are splashed with acid!
You barely miss the jelly. The jelly closely misses you. x2
You sock the jelly! The acid corrodes you!
Your hands burn!
The jelly is heavily wounded.
The jelly hits you but does no damage.
You hit the jelly.
Your hands burn!
The jelly is severely wounded.
The jelly hits you.
You are splashed with acid!
You are too injured to fight recklessly!
You are too injured to fight recklessly!
You are too injured to fight recklessly!
You are too injured to fight recklessly!
You are too injured to fight recklessly!
You are too injured to fight recklessly!
You are too injured to fight recklessly!
You are too injured to fight recklessly!
You are too injured to fight recklessly!
You are too injured to fight recklessly!
You are too injured to fight recklessly!
You are too injured to fight recklessly!
You are too injured to fight recklessly!
You are too injured to fight recklessly!
You are too injured to fight recklessly!
You are too injured to fight recklessly!
You are too injured to fight recklessly!
You are too injured to fight recklessly!
You are too injured to fight recklessly!
You hit the jelly.
Your hands burn!
* * * LOW HITPOINT WARNING * * *
The jelly is almost dead.
The jelly hits you.
* * * LOW HITPOINT WARNING * * *
You are splashed with acid!
You die...

#.... #...⌠ #...#
#...# #...# ..#
#...# ...# #.J.##
#...#
#..@⌠#####⌠...#
#.............#
#.............#
#.............#
#######.########
##########..#......#
#............#######
#....>#....#....#
#.....#....#....#


You could see a jelly.

Vanquished Creatures
  An ice beast (D:6)
  An ogre (D:6)
  3 hounds
  An orc priest (D:5)
  Crazy Yiuf (D:3)
  Natasha (D:3)
  3 adders
  An ufetubus (D:5)
  A worm (D:2)
  2 dart slugs
  6 orcs
  3 endoplasms
  5 goblins
  3 hobgoblins
  A kobold (D:3)
  A quokka (D:2)
  6 ball pythons
  2 bats (D:1)
  3 frilled lizards
  5 rats
50 creatures vanquished.

Notes
Turn   | Place    | Note
-------+----------+-------------------------------------------
     0 | D:1      | AdnanSaban the Gargoyle Fighter began the quest for the
                  | Orb.
     0 | D:1      | Reached XP level 1. HP: 14/14 MP: 1/1
   134 | D:1      | Reached XP level 2. HP: 16/19 MP: 2/2
   560 | D:2      | Reached XP level 3. HP: 23/23 MP: 3/3
   575 | D:2      | Found a faded altar of an unknown god.
  1000 | D:3      | Noticed Natasha
  1005 | D:3      | Killed Natasha
  1006 | D:3      | Reached skill level 3 in Maces & Flails
  1006 | D:3      | Reached XP level 4. HP: 19/29 MP: 4/4
  1044 | D:3      | Found a runed translucent door.
  1045 | D:3      | Noticed Crazy Yiuf
  1054 | D:3      | Killed Crazy Yiuf
  1361 | D:3      | Reached XP level 5. HP: 33/33 MP: 5/5
  1372 | D:3      | You fall into a shaft and drop 3 floors!
  1441 | D:6      | Noticed an ice beast
  1452 | D:6      | Killed an ice beast
  1453 | D:6      | Reached skill level 4 in Maces & Flails
  1522 | D:5      | Entered Level 5 of the Dungeon
  1567 | D:5      | Reached XP level 6. HP: 33/38 MP: 6/6
  1671 | D:5      | Noticed Eustachio
  1734 | D:6      | Reached skill level 5 in Maces & Flails
  1917 | D:5      | Splashed by a jelly's acid

Illustrated notes

Levels and vault maps discovered:
D:1:      lightli_arrival_flooded_house, layout_rooms
D:2:      layout_rooms, hellmonk_ecumenical_altar_blasted,
          amcnicky_mini_pool_small, kennysheep_generic_room_10
D:3:      layout_loops_cross, grunt_temple_overflow_open, columned_hall_lemuel,
          solitary_fountain, uniq_crazy_yiuf_cottage, uniq_natasha
D:5:      cheibrodos_quashed, layout_gridville, nicolae_overflow_crystal_walls,
          kennysheep_path_1, st_stairs_1, uniq_eustachio
D:6:      layout_loops_ring, temple_hall, item_on_display_a, uniq_duvessa

Skill      XL: |  1  2  3  4  5  6 |
---------------+-------------------+-----
Maces & Flails | 3 4 5 |  5.4
Armour         | 4 |  4.8
Fighting       | 4 |  4.4
Shields        | 4 |  4.0

Action                     |  1- 3 |  4- 6 || total
---------------------------+-------+-------++-------
  Melee: Flail             |    81 |   117 ||   198
 Armour: Scale mail        |    41 |    60 ||   101
  Dodge: Dodged            |    38 |    67 ||   105
  Block: Buckler           |    10 |    28 ||    38

Table legend: (Time is in decaauts)
 A = Elapsed time spent in this place.
 B = Non-inter-level travel time spent in this place.
 C = Inter-level travel time spent in this place.
 D = Time resting spent in this place.
 E = Time spent auto-exploring this place.
 F = Levels seen in this place.
 G = Mean time per level.
                   A        B        C        D        E       F      G
               +--------+--------+--------+--------+--------+-----+--------+
         Total |   1976 |   1904 |     72 |      0 |   1431 |   5 |  395.2 |
       Dungeon |   1976 |   1904 |     72 |      0 |   1431 |   5 |  395.2 |
               +--------+--------+--------+--------+--------+-----+--------+

Top non-repeatable levels by time:
     D:3: 566 daAuts
     D:2: 439 daAuts
     D:1: 411 daAuts
     D:6: 353 daAuts
     D:5: 206 daAuts
